cohdb
Replays
Latest Replays
All Replays
Popular Replays
Top Player Replays
Match Explorer
How It Works
Community
CoH3 Stats
Reddit
Sign in to upload your games and track your stats! →
Sign in with Steam
Match 45930690
Unlisted
Match 45930690
Overview
Messages
Build Orders
End
Kradschützen Motorcycle Team
Panzergrenadier Squad
Panzergrenadier Squad
Construct Light Support Kompanie
MG34 Team
Selects Armored Support Battlegroup
Construct Mechanized Kompanie
MG34 Team
8 Rad Armored Car
Marder III Tank Destroyer
Marder III Tank Destroyer
Selects Veteran Gunners
Selects Vehicle Awareness
Selects Panzer Storm
Construct Panzerarmee Kommand
Assault Grenadier Squad
254 Reconnaissance Tractor
Flak 36 Anti-tank Gun Team
Walking Stuka Rocket Launcher
Selects Stuka Anti-tank Loiter
Advanced Optics
Marder III Tank Destroyer
Marder III Tank Destroyer
Support Armor Elements
Armored Reserves
Panzer Storm
Ash Ketchup
DOG
Korea Troll
condoriano
Skull Throne
Zergvoss
Thank You Chef
Kray-Tos
0
0
Comments
sign in to comment!
No comments posted yet!